Map: Scoria Reactor

Players

Nosire

  • Race: Terran Terran
  • Spawn Location: 3:00

JMaster

  • Race: Terran Terran
  • Spawn Location: 6:00

Petreus

  • Race: Terran Terran
  • Spawn Location: 6:00

OldNight

  • Race: Protoss Protoss
  • League: Bronze
  • Spawn Location: 5:00

NeonRonin - Winner!

  • Race: Protoss Protoss
  • Spawn Location: 9:00

Basher - Winner!

  • Race: Zerg Zerg
  • Spawn Location: 12:00

PhoKing - Winner!

  • Race: Zerg Zerg
  • Spawn Location: 11:00

Bard - Winner!

  • Race: Terran Terran
  • Spawn Location: 12:00

VOD

Have the link to the VOD?

Description

Time

  • Played on: Feb. 13, 2016, 12:28 p.m.
  • Length: 16:35
Show
View Real Time Build Order
Export as new Build Order

Nosire Terran 

Build Orders:  

Get SALT Encoding   

  12  0:02  SCV  
  13  0:17  Supply Depot  
  13  0:41  Barracks  
  13  0:50  Barracks  
  13  1:05  Engineering Bay  
  13  1:34  Marine  
  14  1:40  Refinery  
  14  1:52  Marine, Orbital Command  
  15  2:02  Refinery  
  15  2:10  Marine  
  16  2:19  Marine  
  17  2:27  Marine  
  18  2:32  Missile Turret  
  18  2:37  Marine  
  19  2:45  Marine  
  20  2:53  Missile Turret  
  20  3:10  Command Center  
  20  3:51  Bunker  
  20  4:00  Barracks Reactor  
  20  4:02  Barracks Tech Lab  
  20  4:13  SCV  
  21  4:20  Bunker  
  21  4:25  SCV  
  21  4:27  SCV  
  23  4:38  SCV  
  24  4:39  SCV  
  24  4:43  Marine  
  24  4:44  Marine x2  
  28  4:50  SCV  
  28  4:51  SCV, Bunker  
  30  5:22  Bunker x2  
  30  5:52  Bunker  
  30  6:06  Missile Turret  
  30  6:07  Missile Turret  
  30  6:19  Factory  
  30  6:24  Supply Depot  
  30  6:45  SCV x2, Marine x3  
  30  6:47  Supply Depot  
  35  6:57  SCV x2, Terran Infantry Weapons Level 1  
  37  7:03  Marine  
  37  7:04  Refinery  
  37  7:05  Refinery, Factory Tech Lab  
  37  7:08  Marine x2  
  40  7:09  SCV x2  
  42  7:16  Supply Depot  
  42  7:18  Supply Depot  
  42  7:19  Supply Depot  
  42  7:20  Marine  
  42  7:21  SCV x2  
  42  7:22  Supply Depot x2  
  45  7:26  Marine  
  46  7:37  Marine  
  46  7:38  SCV x2, Marine, Cyclone  
  46  7:44  Marine  
  54  7:55  Marine  
  55  8:03  Stimpack  
  55  8:13  Marine  
  55  8:14  Cyclone  
  55  8:18  Marine  
  55  8:19  Marine  
  61  8:31  Marine  
  61  8:33  Starport  
  62  8:36  Marine  
  62  8:37  Marine  
  64  8:49  Marine  
  64  8:52  Terran Infantry Armor Level 1  
  64  8:54  Marine x2  
  67  8:56  Command Center  
  67  9:02  Armory  
  67  9:06  Marine  
  68  9:11  Starport Tech Lab  
  68  9:12  Marine x2  
  70  9:24  Marine  
  70  9:25  Barracks  
  70  9:26  Barracks  
  70  9:28  Fusion Core  
  59  10:04  Combat Shields  
  56  10:07  Marine  
  56  10:08  Marine x2  
  56  10:13  Cyclone  
  62  10:25  Marine  
  62  10:26  Marine x2  
  62  10:27  Terran Vehicle And Ship Armor Level 1  
  65  10:33  SCV  
  66  10:43  Marine x3  
  66  10:45  SCV  
  70  10:57  SCV  
  70  10:58  Refinery  
  70  11:01  Refinery, Marine x3  
  74  11:09  SCV, Orbital Command  
  75  11:19  Marine  
  46  11:50  Barracks Reactor x2  
  46  11:52  Marine x3  
  49  11:57  Battlecruiser  
  54  12:09  Marine  
  54  12:10  Marine x2  
  57  12:21  Terran Ship Weapons Level 1  
  55  13:01  Battlecruiser  
  37  14:05  Raven  
  37  14:48  Battlecruiser  
Show
View Real Time Build Order
Export as new Build Order

JMaster Terran 

Build Orders: MMM Bio 

Get SALT Encoding   

  12  0:04  SCV  
  13  0:16  SCV  
  14  0:28  Supply Depot  
  14  0:29  SCV  
  15  0:46  Supply Depot  
  15  0:50  SCV  
  16  1:00  Barracks  
  16  1:03  SCV  
  17  1:15  SCV  
  17  1:18  Barracks  
  18  1:27  SCV  
  19  1:47  SCV  
  19  1:48  Command Center  
  20  1:55  Marine  
  21  2:04  Barracks  
  21  2:07  SCV  
  22  2:13  Supply Depot, Marine  
  23  2:17  Refinery  
  23  2:26  Marine  
  24  2:31  Marine  
  25  2:39  Refinery  
  25  2:42  Orbital Command  
  25  2:44  Marine  
  25  2:50  Supply Depot  
  26  3:03  Marine x3  
  29  3:11  Orbital Command  
  30  3:28  Barracks Tech Lab  
  29  3:34  Barracks Tech Lab  
  29  3:36  Barracks Reactor  
  29  3:43  SCV  
  29  3:44  SCV  
  31  3:55  SCV  
  31  3:56  SCV, Factory  
  31  3:58  Marauder  
  35  4:08  Factory  
  35  4:09  SCV x2  
  37  4:15  Marauder  
  39  4:25  Refinery  
  39  4:28  Refinery  
  39  4:30  Stimpack  
  39  4:41  SCV x2  
  43  4:53  SCV x2  
  43  4:59  Factory Tech Lab  
  43  5:01  Factory Reactor  
  43  5:09  Barracks  
  43  5:10  SCV, Engineering Bay  
  43  5:11  SCV  
  45  5:20  Marine x2  
  45  5:21  Marine x2  
  49  5:23  SCV x2  
  49  5:25  Siege Tank  
  54  5:39  Marauder  
  54  5:42  SCV x2  
  58  5:43  Supply Depot  
  58  5:48  Armory  
  58  5:54  SCV x2  
  58  5:55  Starport, Widow Mine  
  62  5:58  Starport  
  62  5:59  Barracks Reactor  
  62  6:04  Siege Tank, Widow Mine  
  62  6:05  Supply Depot  
  62  6:06  SCV  
  62  6:08  Terran Infantry Weapons Level 1  
  62  6:10  Supply Depot  
  68  6:12  SCV  
  68  6:17  Combat Shields  
  69  6:18  SCV  
  70  6:27  SCV, Marine x4  
  70  6:30  SCV  
  76  6:45  Marine x2  
  78  6:48  Medivac x2  
  82  6:54  Marine  
  82  6:55  Marine x3  
  86  7:15  Supply Depot  
  86  7:17  Supply Depot  
  86  7:20  Barracks  
  86  7:21  Starport Reactor  
  86  7:22  Starport Reactor  
  86  7:31  Marine x4  
  86  7:32  SCV x2, Marauder  
  86  7:36  Supply Depot  
  94  7:40  Supply Depot  
  94  7:42  Engineering Bay  
  94  7:43  Terran Ship Weapons Level 1  
  94  7:44  SCV  
  95  7:46  SCV  
  95  7:50  Marauder  
  98  7:56  SCV, Marine x5  
  98  7:57  Liberator  
  104  8:00  Supply Depot  
  107  8:05  Siege Tank  
  107  8:06  Widow Mine x2  
  107  8:09  Medivac x2, Supply Depot  
  107  8:11  Marauder  
  117  8:15  Marauder  
  122  8:32  Marauder  
  124  8:34  Widow Mine x2  
  124  8:37  Siege Tank  
  131  8:55  Marine x5  
  135  8:56  Marauder x2  
  135  9:01  Medivac  
  135  9:02  Medivac  
  144  9:12  Marine  
  144  9:13  Marine x4  
  149  9:17  Marine  
  150  9:31  Marine  
  150  9:33  Marine  
  150  9:35  Marine  
  149  9:41  Marauder x2  
  133  10:17  Liberator  
  133  10:27  Widow Mine x2  
  133  10:28  Siege Tank  
  140  10:30  Marine x6  
  140  10:31  Marine  
  150  10:39  Liberator  
  150  10:56  Marauder, Marine x3  
  158  10:58  Marauder, Marine  
  158  11:00  Siege Tank  
  158  11:03  Supply Depot  
  164  11:04  Terran Infantry Weapons Level 2  
  164  11:07  Terran Infantry Armor Level 1  
  164  11:11  Supply Depot  
  164  11:14  Supply Depot  
  164  11:15  Terran Vehicle Weapons Level 1  
  164  11:18  Marauder  
  166  11:25  Marauder  
  168  11:32  Siege Tank  
  59  12:02  Widow Mine x2  
  59  12:03  Widow Mine  
  59  12:08  Marine x3  
  67  12:09  Marine x4  
  72  12:26  Marine  
  72  12:30  Widow Mine  
Show
View Real Time Build Order
Export as new Build Order

Petreus Terran 

Build Orders:  

Get SALT Encoding   

  12  0:02  SCV  
  13  0:20  SCV  
  14  0:25  Supply Depot  
  14  0:32  SCV  
  14  0:34  Refinery  
  15  0:47  SCV  
  16  0:55  Barracks  
  16  0:59  SCV  
  17  1:11  SCV  
  18  1:21  Barracks  
  18  1:22  Refinery  
  18  1:23  SCV  
  19  1:35  SCV  
  20  1:45  Barracks Reactor  
  20  1:47  SCV  
  21  2:00  SCV  
  22  2:01  Supply Depot  
  22  2:11  Barracks Reactor  
  22  2:12  SCV  
  23  2:24  SCV  
  24  2:33  Reaper  
  24  2:36  Reaper  
  26  2:38  Command Center  
  26  2:49  Reaper x2  
  28  3:00  Supply Depot  
  28  3:05  Reaper  
  29  3:08  Reaper  
  30  3:21  Reaper x2  
  30  3:22  Supply Depot  
  32  3:37  Reaper  
  32  3:40  Reaper  
  34  3:47  Engineering Bay  
  34  3:52  Refinery  
  34  4:04  Orbital Command  
  34  4:11  Supply Depot  
  34  4:34  Supply Depot  
  34  4:44  Marine x2  
  34  4:45  Marine x2  
  37  4:57  Supply Depot  
  31  6:05  Factory  
  31  6:15  SCV  
  32  6:19  SCV  
  33  6:27  SCV  
  33  6:31  SCV  
  35  6:39  SCV  
  36  6:42  Missile Turret  
  36  6:43  SCV  
  37  6:50  Missile Turret  
  37  6:51  SCV, Factory  
  35  6:55  SCV  
  36  7:03  SCV  
  36  7:04  Armory  
  36  7:05  Factory Tech Lab  
  36  7:08  SCV, Hi-Sec Auto Tracking  
  38  7:11  Marine x2  
  38  7:12  Marine  
  42  7:15  SCV  
  42  7:27  SCV  
  43  7:35  Factory Tech Lab  
  43  7:37  Factory  
  43  7:38  Refinery  
  43  7:39  SCV  
  44  7:52  SCV  
  44  7:55  Supply Depot  
  45  8:02  Terran Vehicle Weapons Level 1  
  45  8:04  SCV  
  46  8:15  Thor  
  46  8:16  SCV  
  46  8:19  Supply Depot  
  53  8:22  Thor  
  53  8:24  Factory Tech Lab  
  59  8:41  Supply Depot  
  59  8:47  Thor  
  65  8:58  Thor  
  71  9:04  Supply Depot, Thor  
  77  9:28  Supply Depot  
  77  9:30  Thor  
  83  9:41  Thor  
  89  9:51  Supply Depot  
  89  9:56  Terran Vehicle And Ship Armor Level 1  
  89  9:57  Thor  
  95  10:13  Thor  
  95  10:14  Supply Depot  
  101  10:24  Thor  
  107  10:36  Supply Depot  
  107  10:40  Thor  
  113  10:56  Thor  
  119  10:59  Supply Depot  
  119  11:07  Thor  
  125  11:24  Supply Depot  
  125  11:45  Command Center  
  125  11:46  Supply Depot  
  123  11:50  Terran Vehicle Weapons Level 2  
  76  12:02  Marine x2  
  76  12:05  Thor x3  
Show
View Real Time Build Order
Export as new Build Order

OldNight Protoss 

Build Orders:  

Get SALT Encoding   

  12  0:02  Probe (Chrono Boost)  
  13  0:12  Probe (Chrono Boost)  
  14  0:17  Pylon  
  14  0:23  Probe (Chrono Boost)  
  15  0:37  Gateway  
  15  0:42  Probe (Chrono Boost)  
  16  0:52  Pylon  
  16  0:55  Probe (Chrono Boost)  
  17  1:04  Pylon  
  17  1:06  Probe (Chrono Boost)  
  18  1:17  Probe (Chrono Boost), Forge  
  19  1:28  Gateway  
  19  1:31  Assimilator  
  19  1:44  Assimilator  
  19  1:45  Zealot  
  21  1:48  Probe (Chrono Boost)  
  22  1:59  Probe (Chrono Boost)  
  23  2:07  Pylon  
  23  2:08  Pylon  
  23  2:11  Pylon  
  23  2:16  Zealot  
  23  2:20  Probe (Chrono Boost)  
  26  2:30  Probe (Chrono Boost)  
  27  2:45  Cybernetics Core  
  27  2:48  Pylon  
  27  2:49  Pylon  
  27  2:58  Zealot (Chrono Boost)  
  27  3:02  Zealot (Chrono Boost)  
  31  3:11  Protoss Shields Level 1 (Chrono Boost)  
  31  3:27  Protoss Air Weapons Level 1 (Chrono Boost)  
  31  3:37  Stalker x2  
  35  4:03  Nexus  
  35  4:16  Stalker  
  37  4:19  Stalker  
  39  4:55  Nexus  
  25  5:25  Stalker x2  
  27  5:31  Assimilator, Probe  
  28  5:37  Protoss Air Armor Level 1  
  28  5:41  Probe  
  29  5:52  Probe  
  29  5:53  Pylon x2  
  30  6:01  Stalker  
  30  6:02  Probe  
  33  6:08  Stalker  
  33  6:10  Probe  
  35  6:13  Probe  
  37  6:20  Probe  
  37  6:23  Probe  
  39  6:31  Probe  
  39  6:34  Probe  
  39  6:36  Pylon  
  39  6:38  Pylon  
  41  6:44  Assimilator, Probe  
  41  6:46  Probe  
  42  6:49  Assimilator  
  43  6:55  Probe  
  43  6:57  Probe  
  45  7:02  Stargate  
  45  7:09  Stargate  
  45  7:14  Stargate  
  45  7:22  Pylon  
  45  7:24  Pylon  
  45  7:29  Pylon  
  45  7:35  Pylon  
  45  7:37  Probe  
  45  7:39  Probe  
  47  7:47  Probe  
  47  7:50  Probe  
  48  7:55  Twilight Council  
  48  7:58  Probe  
  49  8:00  Probe  
  51  8:08  Fleet Beacon  
  43  8:19  Probe  
  43  8:26  Assimilator  
  44  8:29  Probe  
  44  8:30  Probe  
  46  8:40  Probe x2  
  48  8:50  Probe, Pylon x2  
  48  8:51  Probe  
  48  8:52  Pylon  
  48  8:53  Graviton Catapult  
  50  9:01  Probe  
  50  9:02  Probe  
  50  9:05  Pylon  
  50  9:06  Pylon  
  50  9:07  Protoss Air Armor Level 2 (Chrono Boost)  
  52  9:11  Probe  
  52  9:12  Probe  
  54  9:18  Protoss Shields Level 2 (Chrono Boost)  
  54  9:22  Probe  
  54  9:23  Probe  
  56  9:33  Probe x2  
  58  9:43  Probe  
  58  9:44  Probe  
  60  9:54  Probe  
  61  10:00  Stalker  
  61  10:02  Carrier (Chrono Boost)  
  61  10:05  Probe  
  76  10:09  Carrier (Chrono Boost)  
  76  10:15  Probe  
  76  10:20  Stalker  
  85  10:26  Probe  
  85  10:27  Carrier (Chrono Boost)  
  86  10:56  Stargate  
  86  10:59  Stargate  
  86  11:01  Stargate  
  86  11:10  Nexus  
  86  11:19  Protoss Air Weapons Level 2  
  86  11:22  Mothership Core  
  86  11:23  Protoss Shields Level 3  
  88  11:28  Carrier (Chrono Boost)  
  100  11:42  Carrier (Chrono Boost)  
  118  11:54  Carrier (Chrono Boost)  
  118  11:58  Carrier (Chrono Boost)  
  124  12:12  Assimilator  
  124  12:14  Carrier (Chrono Boost)  
  124  12:17  Assimilator  
  130  12:30  Carrier (Chrono Boost)  
  128  12:42  Carrier (Chrono Boost)  
  128  12:43  Probe  
  133  12:54  Probe  
  133  12:55  Stalker  
  133  12:56  Stalker  
  144  13:04  Probe  
  143  13:07  Carrier (Chrono Boost)  
  144  13:14  Protoss Air Armor Level 3  
  144  13:15  Probe  
  145  13:25  Probe  
  158  13:38  Carrier x2 (Chrono Boost)  
  156  13:46  Carrier (Chrono Boost)  
Show
View Real Time Build Order
Export as new Build Order

NeonRonin Protoss - Winner!

Build Orders: Carrier Rush 

Get SALT Encoding   

  12  0:05  Probe (Chrono Boost)  
  13  0:18  Probe (Chrono Boost)  
  14  0:24  Pylon  
  14  0:28  Probe (Chrono Boost)  
  15  0:42  Probe (Chrono Boost)  
  16  0:45  Forge  
  16  0:52  Probe (Chrono Boost)  
  17  1:02  Pylon  
  17  1:03  Probe (Chrono Boost)  
  18  1:10  Gateway  
  18  1:19  Photon Cannon  
  18  1:28  Photon Cannon  
  18  1:42  Probe (Chrono Boost)  
  19  1:49  Assimilator, Pylon  
  19  1:53  Probe (Chrono Boost)  
  20  1:57  Pylon  
  20  2:01  Assimilator  
  20  2:04  Probe (Chrono Boost)  
  21  2:13  Cybernetics Core  
  21  2:14  Probe (Chrono Boost)  
  22  2:32  Probe (Chrono Boost)  
  23  2:37  Photon Cannon  
  23  2:41  Photon Cannon  
  23  2:55  Stargate  
  23  3:04  Probe (Chrono Boost)  
  24  3:27  Nexus  
  24  3:31  Pylon  
  24  3:33  Pylon  
  24  3:45  Fleet Beacon  
  24  3:49  Twilight Council  
  24  4:05  Photon Cannon  
  24  4:11  Protoss Shields Level 1  
  24  4:22  Photon Cannon  
  24  4:23  Photon Cannon  
  24  4:40  Carrier (Chrono Boost)  
  30  4:51  Assimilator  
  30  4:54  Assimilator  
  30  5:04  Photon Cannon  
  30  5:05  Photon Cannon  
  29  5:10  Mothership Core  
  26  5:18  Pylon  
  26  5:24  Photon Cannon  
  26  5:31  Probe  
  26  5:33  Probe  
  28  5:43  Protoss Air Weapons Level 1  
  28  5:44  Probe  
  28  5:47  Graviton Catapult  
  29  5:54  Probe  
  29  5:56  Pylon  
  30  6:05  Probe  
  30  6:08  Probe  
  32  6:15  Protoss Shields Level 2  
  32  6:19  Probe  
  32  6:20  Probe  
  34  6:27  Photon Cannon  
  35  6:32  Probe  
  35  6:33  Photon Cannon  
  35  6:34  Probe  
  36  6:45  Probe  
  37  6:52  Carrier (Chrono Boost)  
  43  6:56  Probe  
  44  7:06  Probe  
  45  7:10  Stargate  
  45  7:13  Pylon  
  45  7:16  Pylon  
  45  7:17  Probe  
  46  7:29  Probe  
  47  7:39  Nexus, Probe  
  48  7:44  Protoss Air Weapons Level 2  
  48  7:50  Probe  
  48  7:53  Pylon  
  48  7:54  Pylon  
  49  8:00  Probe  
  50  8:06  Assimilator  
  50  8:11  Assimilator, Probe  
  51  8:14  Carrier (Chrono Boost)  
  57  8:21  Probe  
  58  8:32  Probe, Protoss Shields Level 3  
  59  8:42  Probe  
  66  8:51  Carrier (Chrono Boost)  
  66  8:53  Stargate, Probe  
  67  8:56  Stargate  
  67  9:03  Probe  
  67  9:04  Pylon  
  67  9:06  Probe  
  67  9:07  Pylon  
  69  9:14  Probe  
  70  9:17  Probe  
  70  9:19  Pylon  
  70  9:21  Pylon  
  71  9:27  Probe  
  76  9:44  Carrier (Chrono Boost)  
  84  9:50  Carrier (Chrono Boost)  
  84  9:51  Stargate  
  90  9:58  Carrier (Chrono Boost)  
  90  10:00  Protoss Air Armor Level 1 (Chrono Boost)  
  90  10:02  Robotics Facility  
  90  10:25  Carrier (Chrono Boost)  
  96  10:43  Nexus  
  102  10:58  Assimilator  
  102  11:03  Assimilator  
  102  11:04  Carrier  
  102  11:06  Probe  
  102  11:09  Protoss Ground Weapons Level 1  
  109  11:17  Probe  
  110  11:47  Tempest  
  110  11:50  Protoss Air Weapons Level 3 (Chrono Boost)  
  110  11:53  Tempest x3  
  126  12:17  Robotics Bay  
Show
View Real Time Build Order
Export as new Build Order

Basher Zerg - Winner!

Build Orders: Hatch First 

Get SALT Encoding   

  12  0:02  Drone  
  13  0:10  Drone  
  14  0:37  Hatchery  
  14  0:41  Drone  
  14  0:47  Overlord  
  14  0:55  Extractor  
  14  0:57  Drone  
  14  1:13  Spawning Pool  
  14  1:17  Drone  
  14  1:24  Drone  
  15  1:26  Drone  
  16  1:35  Drone  
  17  1:40  Drone  
  18  1:49  Drone  
  19  1:59  Queen  
  21  2:07  Queen  
  23  2:11  Zergling x2  
  23  2:13  Zergling x2  
  25  2:24  Zergling x2  
  25  2:25  Zergling x4  
  28  2:36  Lair  
  28  2:44  Overlord x2  
  28  2:56  Overlord x2  
  28  3:06  Drone x4  
  28  3:09  Drone  
  28  3:10  Drone x3  
  36  3:15  Extractor  
  35  3:27  Extractor  
  35  3:33  Drone x2  
  35  3:34  Drone, Extractor  
  36  3:35  Drone x3  
  39  3:42  Drone x2  
  41  3:51  Drone  
  41  3:53  Drone x3  
  41  3:54  Drone x2  
  47  4:04  Hydralisk Den  
  47  4:09  Spore Crawler  
  45  4:10  Spore Crawler  
  45  4:12  Spore Crawler  
  45  4:13  Spore Crawler, Drone x3  
  45  4:33  Queen  
  45  4:34  Hydralisk x6  
  59  4:43  Muscular Augments  
  59  4:50  Drone  
  60  4:53  Evolution Chamber  
  60  4:54  Drone  
  60  4:55  Evolution Chamber  
  60  4:56  Drone  
  60  4:59  Overlord x3  
  60  5:03  Pneumatized Carapace  
  55  5:46  Burrow  
  54  5:59  Drone  
  54  6:00  Drone x5  
  54  6:01  Drone  
  61  6:08  Spine Crawler  
  61  6:10  Spine Crawler x2  
  58  6:12  Spine Crawler  
  58  6:16  Drone x2  
  58  6:17  Drone  
  60  6:43  Hydralisk  
  60  6:44  Hydralisk x7  
  75  6:57  Queen  
  77  7:07  Hydralisk x3  
  83  7:12  Overlord x2  
  83  7:21  Zerg Ground Armor Level 1, Zerg Missile Weapons Level 1  
  83  7:56  Lurker Den  
  83  7:57  Hydralisk  
  83  7:58  Hydralisk x5  
  95  8:08  Spine Crawler  
  95  8:09  Spine Crawler  
  95  8:10  Spine Crawler x2  
  88  8:28  Hydralisk x5  
  98  8:49  Drone  
  98  8:55  Overlord x5  
  99  8:56  Overlord x2  
  70  9:52  Hydralisk  
  40  9:53  Hydralisk x14  
  70  10:15  Hydralisk x7  
  84  10:35  Overseer x3  
  84  10:38  Hydralisk  
  84  10:39  Hydralisk x6  
  98  10:55  Hydralisk x5  
  108  11:12  Hydralisk x3  
  108  11:13  Hydralisk x3  
  120  11:29  Hydralisk  
  120  11:30  Hydralisk x2  
  90  12:00  Hydralisk  
  90  12:01  Hydralisk x6  
  100  12:39  Hydralisk  
  100  12:40  Hydralisk x6  
  114  13:05  Hydralisk  
  114  13:06  Hydralisk x3  
  122  13:44  Hydralisk x5  
  132  13:56  Zerg Missile Weapons Level 2, Zerg Ground Armor Level 2  
Show
View Real Time Build Order
Export as new Build Order

PhoKing Zerg - Winner!

Build Orders: Hatch First 

Get SALT Encoding   

  12  0:04  Drone  
  13  0:09  Drone  
  14  0:25  Extractor  
  14  0:27  Drone, Extractor  
  14  0:28  Drone  
  16  0:57  Overlord  
  16  1:00  Extractor  
  15  1:10  Hatchery  
  14  1:14  Spawning Pool  
  14  1:16  Drone x2  
  15  1:19  Drone  
  16  1:36  Drone  
  17  1:42  Drone  
  18  1:58  Drone  
  19  2:02  Queen  
  21  2:13  Spine Crawler  
  21  2:15  Drone x2  
  22  2:21  Metabolic Boost  
  22  2:25  Drone  
  23  2:32  Overlord  
  23  2:34  Drone  
  24  2:45  Queen  
  24  2:47  Drone x2  
  28  2:54  Zergling x2  
  29  3:14  Extractor  
  29  3:16  Spine Crawler  
  27  3:22  Spore Crawler  
  26  3:53  Drone x2  
  28  3:56  Drone  
Show
View Real Time Build Order
Export as new Build Order

Bard Terran - Winner!

Build Orders: Mech 

Get SALT Encoding   

  12  0:18  Supply Depot  
  12  0:20  SCV  
  13  0:26  Refinery  
  13  0:33  SCV  
  14  0:45  SCV  
  15  0:52  Barracks  
  15  0:57  SCV  
  16  1:07  Engineering Bay  
  16  1:25  Barracks  
  16  1:28  SCV  
  16  1:30  Refinery  
  17  1:44  Marine  
  18  2:05  Supply Depot  
  18  2:06  Barracks Reactor  
  18  2:14  Barracks Reactor  
  18  2:16  Factory  
  18  2:35  SCV  
  19  2:43  Marine x2  
  21  2:51  Marine x2  
  23  3:02  Factory Tech Lab  
  23  3:05  SCV  
  24  3:08  Marine x2  
  26  3:15  Supply Depot  
  26  3:16  Marine x2  
  28  3:25  Marine, Terran Infantry Weapons Level 1  
  29  3:28  Marine  
  29  3:34  Marine  
  30  3:36  Marine  
  32  3:43  Marine  
  32  3:45  Marine  
  34  3:49  Siege Tank  
  34  3:52  Marine  
  34  3:54  Marine  
  39  3:59  Barracks  
  39  4:19  Supply Depot  
  39  4:38  Supply Depot  
  39  4:41  SCV, Marine x2  
  41  4:58  Command Center  
  31  5:30  Marine x2, Barracks Tech Lab  
  31  5:31  Marine x2  
  31  5:34  Siege Tank  
  38  5:38  Terran Infantry Armor Level 1  
  38  5:48  Marine  
  39  5:58  Marine  
  39  5:59  Marine x2  
  42  6:04  Supply Depot  
  42  6:07  SCV  
  43  6:15  Cyclone  
  43  6:16  Mag-Field Accelerator  
  46  6:20  Marine x3  
  46  6:21  Marine  
  50  6:31  Ghost Academy  
  50  6:38  SCV, Armory  
  51  6:43  Supply Depot, Marine x2  
  51  6:44  Marine x2  
  55  6:49  SCV  
  55  6:50  SCV  
  57  7:01  SCV  
  57  7:04  Supply Depot  
  57  7:08  Personal Cloaking  
  58  7:10  Ghost  
  58  7:12  Marine x2  
  58  7:13  SCV, Marine x2  
  65  7:17  Cyclone  
  68  7:25  SCV  
  69  7:35  Factory  
  69  7:38  SCV  
  69  7:43  Factory  
  70  7:45  Ghost  
  70  7:48  SCV  
  70  7:49  Factory  
  70  7:51  SCV  
  74  7:59  Cyclone  
  74  8:00  SCV  
  74  8:03  SCV  
  79  8:16  Marine x2  
  79  8:17  Marine x2  
  83  8:20  Ghost  
  85  8:30  Terran Infantry Weapons Level 2  
  85  8:32  Factory Tech Lab  
  85  8:36  Factory Tech Lab  
  85  8:49  Nuke  
  85  8:55  Terran Vehicle Weapons Level 1  
  85  9:05  Refinery  
  85  9:06  SCV  
  85  9:07  Refinery  
  86  9:12  Supply Depot  
  86  9:13  Supply Depot  
  86  9:16  Orbital Command  
  86  9:19  SCV  
  87  9:31  SCV  
  42  10:08  Cyclone  
  42  10:09  Cyclone x2  
  42  10:10  Marine  
  42  10:11  Marine x4  
  56  10:28  Marine x2  
  56  10:29  Marine x3  
  56  10:34  Factory  
  61  10:39  Supply Depot  
  61  10:45  Cyclone  
  61  10:46  Marine x4, Cyclone  
  61  10:47  Marine  
  61  10:48  Factory Tech Lab  
  72  11:04  Marine x3  
  75  12:04  Marine x4  
  75  12:07  Ghost  
  81  12:09  Cyclone x4  
  81  12:12  Factory Tech Lab  
  93  12:41  Cyclone x2  
  59  13:33  Starport  
  59  13:48  Cyclone x4  
  65  13:50  Marine  
  65  13:51  Marine  
  65  13:52  Marine  
  65  13:53  Marine x2  
  76  14:08  Marine x2  
  76  14:10  Marine  
  76  14:11  Marine x2  
  76  14:20  Cyclone x2  
  76  14:26  Marine x2  
  76  14:28  Marine x3  
  76  14:44  Marine x2  
  76  14:46  Marine x3  
  76  15:04  Marine  
Tags
 
Add a new tag
Caveats
  • Supply blocks, unpowered buildings, or Contaminate may cause inaccurate times.
  • Supply counts are checked every 10 seconds.